 Dungeon Crawl Stone Soup version 0.22-a0-425-g89d60a11d8 (webtiles) character file.

67 RedPan the Insei (level 4, 0/38 HPs)
             Began as a Naga Transmuter on May 24, 2018.
             Slain by an orc warrior
             ... wielding a +3 mace
              (15 damage)
             ... on level 1 of the Dungeon.
             The game lasted 00:06:04 (2532 turns).

RedPan the Insei (Naga Transmuter)                  Turns: 2532, Time: 00:06:05

Health: 0/38       AC:  2    Str: 12    XL:     4   Next: 18%
Magic:  1/7        EV: 10    Int: 14    God:
Gold:   80         SH:  4    Dex: 12    Spells: 1/7 levels left

rFire    . . .     SeeInvis +     - Unarmed
rCold    . . .     Gourm    .   (no shield)
rNeg     . . .     Faith    .   b - +0 robe
rPois    +         Spirit   .   (no helmet)
rElec    .         Reflect  +   (no cloak)
rCorr    .         Harm     .   (no gloves)
MR       .....                  (no barding)
Stlth    +.........             e - +4 amulet of reflection
HPRegen  0.12/turn              (no ring)
MPRegen  0.10/turn              (no ring)

@: very slow
A: large, see invisible, deformed body, poison resistance, slowness 2, slow
metabolism 1, spit poison 1, AC +1
a: Spit Poison


You were on level 1 of the Dungeon.
You were not hungry.

You visited 1 branch of the dungeon, and saw 2 of its levels.

You collected 80 gold pieces.

Inventory:

Missiles
 a - 20 arrows
Armour
 b - a +0 robe (worn)
Jewellery
 e - a +4 amulet of reflection (around neck)
Potions
 c - a potion of curing
 h - a potion of magic
 j - a potion of might {unknown}
 k - a potion of heal wounds {unknown}
Comestibles
 d - 5 rations


   Skills:
 - Level 1.0 Fighting
 - Level 1.5 Dodging
 + Level 4.0 Unarmed Combat
 - Level 2.0 Spellcasting
 - Level 3.0 Transmutations
 + Level 2.0 Poison Magic


You had one spell level left.
You knew the following spells:

 Your Spells              Type           Power        Failure   Level  Hunger
a - Beastly Appendage     Tmut           #.....       7%          1    ##.....
b - Sticks to Snakes      Tmut           #.......     11%         2    ###....
c - Spider Form           Tmut/Pois      #.........   26%         3    ####...

Your spell library contained the following spells:

 Spells                   Type           Power        Failure   Level  Hunger
 Blade Hands              Tmut           #.........   88%         5    ######.
 Ice Form                 Ice/Tmut       #.......     77%         4    #####..


Dungeon Overview and Level Annotations

Branches:
Dungeon (2/15)

Altars:
Hepliaklqana
Nemelex Xobeh
Wu Jian
The Shining One


Innate Abilities, Weirdness & Mutations

You cannot wear boots.
Your serpentine skin is tough. (AC +1)
You have supernaturally acute eyesight. (SInv)
Armour fits poorly on your strangely shaped body.
Your system is resistant to poisons. (rPois)
You cover ground very slowly.
You have a slow metabolism.
You can spit poison.


Message History

Your ball python grabs the orc warrior.
Your ball python constricts the orc warrior.
The orc warrior struggles to escape constriction.
Your ball python bites the orc warrior but does no damage.
Your ball python bites the orc warrior.
Your ball python constricts the orc warrior.
The orc warrior struggles to escape constriction.
Your ball python bites the orc warrior but does no damage. x2
Your ball python constricts the orc warrior.
Your ball python bites the orc warrior but does no damage.
The orc warrior escapes!
Your ball python bites the orc warrior but does no damage.
Your ball python misses the orc warrior.
Casting: Sticks to Snakes (safe; 11% risk of failure)
Confirm with . or Enter, or press ? or * to list all spells.
You create a snake!
You now have 20 arrows.
Your ball python bites the orc warrior but does no damage.
Your ball python barely misses the orc warrior.
The orc warrior hits you with an enchanted mace!
You die...

.....# #...†.......# #.##.#
#...........#
#.##.########.#........#
..##.......##.#........#
..########.##.#........#
..# #.##.#........# .#####
#.##.#........#
.....#####.##.##..###.##
..............So@.#
#.#######
####.####.....S.S.#
#.......#
................>##
#####.###
##.#.####........# #.#
#.#.# #........# #.# ##.#.#
#........# #.#
...#.####......#.########.#
#.........(...............#
.....###########.##########


You could see an orc warrior and 3 friendly ball pythons.

Vanquished Creatures
  3 adders (D:2)
  A worm (D:2)
  2 dart slugs
  A leopard gecko (D:1)
  4 giant cockroaches (D:1)
  A hobgoblin (D:2)
  2 jackals (D:1)
  7 bats
  4 frilled lizards
  4 goblins
  4 kobolds
  3 rats
36 creatures vanquished.

Notes
Turn   | Place    | Note
-------+----------+-------------------------------------------
     0 | D:1      | RedPan the Naga Transmuter began the quest for the Orb.
     0 | D:1      | Reached XP level 1. HP: 18/18 MP: 3/3
   563 | D:1      | Reached XP level 2. HP: 25/25 MP: 5/5
   688 | D:1      | Learned a level 2 spell: Sticks to Snakes
   995 | D:1      | Found a glowing golden altar of the Shining One.
  1173 | D:2      | Reached XP level 3. HP: 17/31 MP: 6/6
  1185 | D:2      | Learned a level 3 spell: Spider Form
  1757 | D:2      | Reached skill level 1 in Poison Magic
  2104 | D:2      | Reached XP level 4. HP: 34/38 MP: 5/7
  2279 | D:2      | Reached skill level 4 in Unarmed Combat
  2280 | D:2      | Found an ornate altar of the Wu Jian Council.
  2418 | D:2      | Found a sparkling altar of Nemelex Xobeh.
  2423 | D:2      | Found a hazy altar of Hepliaklqana.
  2497 | D:2      | Noticed an orc warrior
  2532 | D:1      | Slain by an orc warrior

Vault maps used:
D:1:      lemuel_arrival_room, tso_metal_star
D:2:      minmay_overflow_temple_star_quad, serial_corexii_hall,
          corexii_hall_statues_i, corexii_hall_statues_i

Skill      XL: |  1  2  3  4 |
---------------+-------------+-----
Poison Magic   | 1 2 |  2.0
Transmutations | 3 |  3.0
Unarmed Combat | 4 |  4.0
Fighting       | |  1.0
Dodging        | |  1.5
Spellcasting   | |  2.0

Action                   |  1- 3 |  4- 6 || total
-------------------------+-------+-------++-------
Melee: Unarmed           |   118 |    10 ||   128
       Headbutt          |     6 |       ||     6
       Punch             |     1 |       ||     1
 Cast: Beastly Appendage |     6 |     2 ||     8
       Sticks to Snakes  |       |     4 ||     4
 Abil: Spit Poison       |    21 |     4 ||    25
  Use: Scroll            |     6 |       ||     6
       Potion            |       |     1 ||     1
  Eat: Chunk             |     3 |     2 ||     5
Armor: Robe              |    37 |       ||    37
Dodge: Dodged            |    78 |     8 ||    86
Block: Other             |       |     2 ||     2

Table legend:
 A = Spawn XP
 B = Non-spawn XP
 C = Spawn XP percentage of total XP
 D = Spawn monster count
 E = Non-spawn monster count
 F = Spawn count percentage of total count
 G = Total turns spent on level
                    A         B        C        D         E        F      G
               +---------+---------+-------+---------+---------+-------+---------
         Total |       0 |      97 |   0.0 |       0 |      36 |   0.0 |  2532
               +---------+---------+-------+---------+---------+-------+---------
           D:1 |       0 |      36 |   0.0 |       0 |      21 |   0.0 |  1392
           D:2 |       0 |      61 |   0.0 |       0 |      15 |   0.0 |  1140
               +---------+---------+-------+---------+---------+-------+---------
